 Dungeon Crawl Stone Soup version 0.30-a0-313-gae38170b09 (webtiles) character file.

Game seed: 17345418061887945881

100 ragingrage the Chopper (level 4, -4/33 HPs)
             Began as a Mummy Gladiator on Oct 26, 2022.
             Slain by a river rat (8 damage)
             ... summoned by Eustachio
             ... on level 5 of the Dungeon.
             The game lasted 00:02:39 (1734 turns).

ragingrage the Chopper (Mummy Gladiator)            Turns: 1734, Time: 00:02:39

Health: -4/33      AC:  4    Str: 19    XL:     4   Next: 47%
Magic:  4/4        EV: 12    Int:  7    God:
Gold:   91         SH:  0    Dex: 13    Spells: 3/3 levels left

rFire   x . .      SeeInvis .    a - +0 war axe
rCold   + . .      Faith    +    (no shield)
rNeg    + + +      Spirit   .    b - +0 leather armour
rPois   ∞          Reflect  .    c - +0 helmet
rElec   .          Harm     .    (no cloak)
rCorr   .          Rampage  .    (no gloves)
Will    .....                    (no boots)
Stlth   +.........               (no amulet)
HPRegen 0.25/turn                (no ring)
MPRegen 0.09/turn                (no ring)

@: no status effects
A: cold resistance 1, negative energy resistance 3, torment resistance 2, heat
vulnerability 1, in touch with death 1, no potions, faith
a: no special abilities


You were on level 5 of the Dungeon.
You visited 1 branch of the dungeon, and saw 5 of its levels.

You collected 91 gold pieces.

Inventory:

Hand Weapons
 a - a +0 war axe (weapon)
Missiles
 k - 4 boomerangs (quivered)
Armour
 b - a +0 leather armour (worn)
 c - a +0 helmet (worn)
 f - a +0 ring mail
Scrolls
 g - a scroll of identify {unknown}
 h - a scroll of summoning {unknown}
 i - a scroll of enchant weapon {unknown}
 j - a scroll of fear {unknown}
 l - a scroll of blinking {unknown}
 m - a scroll of amnesia {unknown}


   Skills:
 - Level 2.0 Fighting
 + Level 4.4 Axes
 - Level 1.5 Throwing
 - Level 2.4 Dodging


You had 3 spell levels left.
You didn't know any spells.
Your spell library contained the following spells:

 Spells                   Type           Power      Damage    Failure   Level
 Foxfire                  Conj/Fire      0%         2x1d4     50%         1
 Poisonous Vapours        Pois/Air       0%         N/A       63%         2
 Flame Wave               Conj/Fire      0%         2d4       99%         4
 Sticky Flame             Conj/Fire      0%         2d3       99%         4
 Ignition                 Fire           0%         3d3       100%        8


Dungeon Overview and Level Annotations

Branches:
Dungeon (5/15)
 Temple: D:4-7

Altars:
Vehumet

Shops:
D:2 (

Annotations:
D:5 Eustachio


Innate Abilities, Weirdness & Mutations

You are immune to poison.
Your flesh is cold resistant. (rC+)
You are immune to negative energy. (rN+++)
You are immune to unholy pain and torment.
You are vulnerable to heat. (rF-)
You are in touch with the powers of death.
You do not drink.
You have a special connection with the divine. (Faith)


Message History

The ufetubus disappears in a puff of smoke! x2
The iron imp disappears in a puff of smoke!
There is a stone staircase leading up here.
You can't drink.
Okay, then.
Throw: 2 throwing nets
Press: ? - help, Shift-Dir - straight line, f - Eustachio
Aim: Eustachio, wielding a +0 rapier and wearing a +0 leather armour (severely wounded, fast, 46% to hit)
You throw a throwing net.
The throwing net barely misses Eustachio.
Eustachio gestures wildly while chanting.
Throw: throwing net
Press: ? - help, Shift-Dir - straight line, f/p - Eustachio
Aim: Eustachio, wielding a +0 rapier and wearing a +0 leather armour (severely wounded, fast, 46% to hit)
You throw a throwing net. The throwing net hits Eustachio.
Eustachio is caught in the net!
Eustachio is severely wounded.
Eustachio struggles against the net. x2
You hit Eustachio. You punch Eustachio, but do no damage.
Eustachio is severely wounded.
Eustachio casts a spell.
Eustachio blinks!
The river rat misses you.
Throw: javelin
Press: ? - help, Shift-Dir - straight line, f/p - Eustachio
Aim: Eustachio, wielding a +0 rapier and wearing a +0 leather armour (severely wounded, fast, 46% to hit)
You throw a javelin. The javelin pierces through Eustachio!
Eustachio is almost dead.
The river rat closely misses you.
You aren't carrying any items that you can evoke.
You don't have any such object.
Fire/throw/use which item? ([*] to toss any item) (? for menu, Esc to quit)
Okay, then.
Throw: 4 boomerangs
Press: ? - help, Shift-Dir - straight line, f/p - Eustachio
Aim: Eustachio, wielding a +0 rapier and wearing a +0 leather armour (almost dead, fast, 46% to hit)
You throw a boomerang.
The boomerang hits Eustachio but does no damage.
Eustachio is almost dead.
The river rat bites you!
You die...

#.#. ....
#..# #..#
#..# #
#..# .(#
#r.#....#
#@s.@..(#
#.#.....#
#.. .....
###. ...#
.. ..# ..
.# ... .
###


You could see Eustachio (fast), a scorpion and a river rat (summoned).

Vanquished Creatures
  5 adders
  4 ball pythons
  3 bats
  5 endoplasms
  A giant cockroach (D:3)
  4 goblins
  7 hobgoblins
  4 jackals (D:1)
  5 quokkas (D:2)
  2 frilled lizards
  5 kobolds (D:1)
  7 rats
52 creatures vanquished.

Notes
Turn   | Place    | Note
-------+----------+-------------------------------------------
     0 | D:1      | ragingrage the Mummy Gladiator began the quest for the Orb.
     0 | D:1      | Reached XP level 1. HP: 16/16 MP: 1/1
   170 | D:1      | Reached skill level 3 in Axes
   170 | D:1      | Reached XP level 2. HP: 22/22 MP: 2/2
   203 | D:1      | Got Higer's Papyrus of Airy Kindling
   799 | D:2      | Gained mutation: You are in touch with the powers of death.
                  | [Mummy growth]
   799 | D:2      | Reached XP level 3. HP: 19/27 MP: 3/3
   914 | D:2      | Found Tainuru's Antique Weapon Boutique.
  1111 | D:2      | Found a radiant altar of Vehumet.
  1258 | D:2      | Reached skill level 4 in Axes
  1515 | D:3      | Reached XP level 4. HP: 33/33 MP: 4/4
  1718 | D:4      | Noticed Eustachio
  1729 | D:5      | Entered Level 5 of the Dungeon
  1729 | D:5      | Noticed a scorpion
  1734 | D:5      | Slain by a river rat

Illustrated notes

Levels and vault maps discovered:
D:1:      scummos_arrival_star, layout_loops_cross
D:2:      layout_rooms, basic_altar, serial_shops, shop
D:3:      layout_basic, grunt_gozag_breadcrumbs, uniq_sigmund
D:4:      minmay_diamond_boxcup, layout_rooms, uniq_eustachio, uniq_grinder
D:5:      layout_basic, okawaru_gym_becter, uniq_menkaure

Skill      XL: |  1  2  3 |
---------------+----------+-----
Axes           | 3 4 |  4.4
Fighting       | |  2.0
Throwing       | |  1.5
Dodging        | |  2.4

Action                   |  1- 3 |  4- 6 || total
-------------------------+-------+-------++-------
Melee: War axe           |   117 |    28 ||   145
       Punch             |     1 |     1 ||     2
Throw: Boomerang         |     2 |     4 ||     6
       Throwing net      |       |     3 ||     3
       Javelin           |       |     1 ||     1
 Stab: Held in net/web   |       |     1 ||     1
Armor: Leather armour    |    21 |    17 ||    38
Dodge: Dodged            |    84 |    33 ||   117

Table legend: (Time is in decaauts)
 A = Elapsed time spent in this place.
 B = Non-inter-level travel time spent in this place.
 C = Inter-level travel time spent in this place.
 D = Time resting spent in this place.
 E = Time spent auto-exploring this place.
 F = Levels seen in this place.
 G = Mean time per level.
                   A        B        C        D        E       F      G
               +--------+--------+--------+--------+--------+-----+--------+
         Total |   1780 |   1690 |     90 |    156 |   1127 |   5 |  356.0 |
       Dungeon |   1780 |   1690 |     90 |    156 |   1127 |   5 |  356.0 |
               +--------+--------+--------+--------+--------+-----+--------+

Top non-repeatable levels by time:
     D:1: 803 daAuts
     D:2: 740 daAuts
     D:3: 218 daAuts
     D:4: 12 daAuts
     D:5: 5 daAuts
